 Dungeon Crawl Stone Soup version 0.28.0-1-gb440e238dd (webtiles) character file.

Game seed: 351935508549346329

28 Akaron the Grasshopper (level 3, 0/24 HPs)
             Began as an Octopode Warper on Feb 20, 2022.
             Slain by a frilled lizard (3 damage)
             ... on level 1 of the Dungeon.
             The game lasted 00:01:26 (1209 turns).

Akaron the Grasshopper (Octopode Warper)            Turns: 1209, Time: 00:01:26

Health: 0/24       AC:  1    Str: 10    XL:     3   Next: 14%
Magic:  6/6        EV: 13    Int: 15    God:
Gold:   46         SH:  0    Dex: 13    Spells: 4/6 levels left

rFire   . . .      SeeInvis .   a - +0 mace
rCold   . . .      Faith    .   (no shield)
rNeg    . . .      Spirit   .   (helmet restricted)
rPois   .          Reflect  .   (no amulet)
rElec   .          Harm     .   (no ring)
rCorr   .          Rampage  .   (no ring)
Will    .....                   (no ring)
Stlth   ++........              (no ring)
HPRegen 0.08/turn               (no ring)
MPRegen 0.10/turn               (no ring)
                                (no ring)
                                (no ring)

@: no status effects
A: almost no armour, amphibious, 8 rings, camouflage 1, gelatinous body 1,
(nimble swimmer 1), tentacles
a: no special abilities


You were on level 1 of the Dungeon.
You visited 1 branch of the dungeon, and saw 1 of its levels.

You collected 46 gold pieces.

Inventory:

Hand Weapons
 a - a +0 mace (weapon)
Missiles
 c - 4 boomerangs of dispersal (quivered)
Scrolls
 b - a scroll of blinking
 d - a scroll of teleportation {unknown}
 e - a scroll of holy word {unknown}
 g - a scroll of fog {unknown}
 h - a scroll of noise {unknown}
Potions
 f - a potion of heal wounds {unknown}


   Skills:
 + Level 2.1 Fighting
 + Level 2.3 Maces & Flails
 + Level 1.0 Throwing
 + Level 2.4 Dodging
 - Level 0.6 Stealth
 + Level 2.4 Spellcasting
 + Level 3.4 Translocations


You had 4 spell levels left.
You knew the following spells:

 Your Spells              Type           Power      Damage    Failure   Level
a - Blink                 Tloc           24%        N/A       8%          2

Your spell library contained the following spells:

 Spells                   Type           Power      Damage    Failure   Level
 Gell's Gravitas          Tloc           12%        N/A       16%         3
 Lesser Beckoning         Tloc           12%        N/A       16%         3
 Teleport Other           Tloc           12%        N/A       16%         3
 Ensorcelled Hibernation  Hex/Ice        2%         N/A       32%         2
 Spider Form              Tmut/Pois      1%         N/A       54%         3
 Anguish                  Hex/Necr       0%         N/A       91%         4
 Manifold Assault         Tloc           12%        N/A       80%         5


Dungeon Overview and Level Annotations

Branches:
Dungeon (1/15)

Altars:


Innate Abilities, Weirdness & Mutations

You cannot wear most types of armour.
You are amphibious.
You can wear up to eight rings at the same time.
Your skin changes colour to match your surroundings (Stealth+).
Your rubbery body absorbs attacks. (AC +1, EV +1)
((You are camouflaged when in or above water. (Stealth+)))
You have tentacles for arms and can constrict up to eight enemies at once.


Message History

The bat barely misses you. The bat hits you but does no damage.
You hit the bat.
You kill the bat!
No target in view!
No target in view!
You pick up a book of Dreams and begin reading...
You add the spells Ensorcelled Hibernation, Spider Form and Anguish to your library.
Okay, then.
A goblin and an endoplasm come into view.
The goblin shouts!
There are monsters nearby!
A frilled lizard comes into view.
Found a scroll of blinking.
The endoplasm closely misses you. The goblin hits you with a +0 club.
You hit the goblin. You grab the goblin.
The goblin is heavily wounded.
You constrict the goblin. The endoplasm hits you. The goblin misses you.
You hit the goblin.
You kill the goblin!
The endoplasm freezes you.
You are frozen.
The endoplasm hits you.
You hit the endoplasm but do no damage. The endoplasm hits you.
You are too injured to fight recklessly!
You are too injured to fight recklessly!
You are too injured to fight recklessly!
You are too injured to fight recklessly!
You are too injured to fight recklessly!
The endoplasm freezes you.
You are frozen.
* * * LOW HITPOINT WARNING * * *
The endoplasm hits you.
* * * LOW HITPOINT WARNING * * *
The frilled lizard closely misses you. The endoplasm freezes you.
You are frozen.
* * * LOW HITPOINT WARNING * * *
The frilled lizard closely misses you. The endoplasm misses you.
The frilled lizard barely misses you. The endoplasm closely misses you.
The frilled lizard bites you.
You die...

..#
#.#.#.....#......
).#
#.#.#.....#......
..#
#.#.#.....#......
..#
#.#.#............
###
#.#...........#
#.#...........# #
###.#.......)...#
#
#.....#####.Jl$.#
# #.#.### #.@...#
# #.#.# #.....#
## #.#.# #.....#
.# #.#.# #.......
.####.#.#
####....#
....#.#'### ..?.#
....#.....# ....#
....#.....# ..###
#.###.....#


You could see an endoplasm and a frilled lizard.

Vanquished Creatures
  2 bats (D:1)
  3 endoplasms (D:1)
  3 giant cockroaches (D:1)
  3 goblins (D:1)
  3 hobgoblins (D:1)
  4 ball pythons (D:1)
  4 frilled lizards (D:1)
  A kobold (D:1)
  3 rats (D:1)
26 creatures vanquished.

Notes
Turn   | Place    | Note
-------+----------+-------------------------------------------
     0 | D:1      | Akaron the Octopode Warper began the quest for the Orb.
     0 | D:1      | Reached XP level 1. HP: 14/14 MP: 3/3
   219 | D:1      | Reached XP level 2. HP: 14/19 MP: 5/5
   615 | D:1      | Learned a level 2 spell: Blink
   970 | D:1      | Found a faded altar of an unknown god.
   978 | D:1      | Reached XP level 3. HP: 24/24 MP: 6/6
  1209 | D:1      | Slain by a frilled lizard

Illustrated notes

Levels and vault maps discovered:
D:1:      dpeg_arrival_pond, layout_basic, basic_ecumenical_altar

Action                   || total
-------------------------++-------
Melee: Mace              ||    48
       Constrict         ||    11
       Tentacles         ||     7
Throw: Boomerang         ||     1
 Stab: Sleeping          ||     8
Armor: Skin              ||    10
Dodge: Dodged            ||    32
